 Dungeon Crawl Stone Soup version 0.28-a0-535-g6f645e4c1d (webtiles) character file.

Game seed: 17617478720017109035

13218 Zenkrye the Cleaver (level 11, -3/88 HPs)
             Began as a Palentonga Abyssal Knight on Sept 26, 2021.
             Was an Elder of Lugonu.
             Slain by a manticore (13 damage)
             ... on level 11 of the Dungeon.
             The game lasted 00:31:36 (12861 turns).

Zenkrye the Cleaver (Palentonga Abyssal Knight)    Turns: 12861, Time: 00:31:37

Health: -3/88      AC: 25    Str: 19    XL:     11   Next: 72%
Magic:  18/18      EV:  4    Int: 19    God:    Lugonu [****..]
Gold:   179        SH: 10    Dex: 12    Spells: 10/10 levels left

rFire   + + .      SeeInvis +   o - +10 broad axe of Fawann {flame, Drain rPois rF++ Int+3}
rCold   . . .      Faith    .   c - +1 kite shield
rNeg    . . .      Spirit   .   w - +0 chain mail
rPois   +          Reflect  .   u - +2 helmet
rElec   .          Harm     .   j - +0 cloak
rCorr   .          Rampage  .   b - +0 pair of gloves
Will    .....                   (no barding)
Stlth   ..........              (no amulet)
HPRegen 0.24/turn               t - +6 ring of intelligence
MPRegen 0.16/turn               p - +4 ring of protection

@: studying Staves, curled up
A: large, rugged brown scales 3, see invisible, deformed body, roll 1, armoured
tail, reflexive curl
a: Rolling Charge, Renounce Religion, Depart the Abyss, Bend Space, Banish,
Corrupt


You were on level 11 of the Dungeon.
You worshipped Lugonu.
Lugonu was greatly pleased with you.
You visited 1 branch of the dungeon, and saw 12 of its levels.
You visited the Abyss 1 time.

You collected 467 gold pieces.
You spent 288 gold pieces at shops.

Inventory:

Hand Weapons
 o - the +10 broad axe of Fawann (weapon) {flame, Drain rPois rF++ Int+3}
   (You bought it in a shop on level 4 of the Dungeon)

   It burns those it strikes, dealing additional fire damage.
   Big, fiery blades are also staple armaments of hydra-hunters.
   Int:       It affects your intelligence (+3).
   rF:        It greatly protects you from fire.
   rPois:     It protects you from poison.
   Drain:     It drains your maximum health when unequipped.
Missiles
 h - 27 poisoned darts (quivered)
 A - 2 javelins
 D - 6 curare-tipped darts
Armour
 b - a +0 pair of gloves (worn)
 c - a +1 kite shield (worn)
 e - a +0 scale mail
 j - a +0 cloak (worn)
 u - a +2 helmet (worn)
 w - a +0 chain mail (worn)
Magical Staves
 q - a staff of death
Jewellery
 p - a +4 ring of protection (right hand)
 t - a +6 ring of intelligence (left hand)
 T - a +6 ring of intelligence
Wands
 d - a wand of flame (27)
 l - a wand of polymorph (3)
 B - a wand of paralysis (8)
Scrolls
 a - a scroll of holy word
 f - 2 scrolls of amnesia
 g - 2 scrolls of vulnerability {unknown}
 i - 2 scrolls of identify {@r1}
 x - a scroll of enchant armour
 C - 3 scrolls of teleportation {@r3}
Potions
 k - a potion of curing {@q1}
 m - 2 potions of attraction
 n - a potion of flight
 r - a potion of ambrosia
 v - a potion of magic {unknown}
 z - a potion of brilliance {unknown}
 E - a potion of haste {unknown}


   Skills:
 + Level 6.5 Fighting
 * Level 12.7 Axes
 + Level 5.1 Armour
 - Level 0.7 Dodging
 + Level 6.3 Shields
 - Level 10.0 Invocations


You had 10 spell levels left.
You didn't know any spells.
Your spell library contained the following spells:

 Spells                   Type           Power      Damage    Failure   Level
 Apportation              Tloc           0%         N/A       98%         1
 Shock                    Conj/Air       0%         1d3       98%         1
 Sting                    Tmut/Pois      0%         1d3       98%         1
 Poisonous Vapours        Pois/Air       0%         N/A       99%         2
 Static Discharge         Conj/Air       0%         N/A       99%         2
 Inner Flame              Hex/Fire       0%         N/A       100%        3
 Swiftness                Air            0%         N/A       100%        3
 Airstrike                Air            0%         N/A       100%        4
 Cause Fear               Hex            0%         N/A       100%        4
 Olgreb's Toxic Radiance  Pois           0%         N/A       100%        4
 Passage of Golubria      Tloc           N/A        N/A       100%        4
 Summon Ice Beast         Ice/Summ       0%         N/A       100%        4
 Alistair's Intoxication  Tmut/Pois      0%         N/A       100%        5
 Lightning Bolt           Conj/Air       0%         1d11      100%        5
 Silence                  Hex/Air        0%         N/A       100%        5
 Summon Mana Viper        Hex/Summ       0%         N/A       100%        5
 Invisibility             Hex            0%         N/A       100%        6
 Monstrous Menagerie      Summ           0%         N/A       100%        7
 Discord                  Hex            0%         N/A       100%        8
 Lehudib's Crystal Spear  Conj/Erth      0%         10d2      100%        8
 Maxwell's Capacitive Co  Air            0%         ∞         100%        8
 Chain Lightning          Conj/Air       0%         N/A       100%        9
 Fire Storm               Conj/Fire      0%         5d1       100%        9
 Shatter                  Erth           0%         3d5*      100%        9


Dungeon Overview and Level Annotations

Branches:
Dungeon (12/15)            Temple (0/1) D:5            Lair (0/6) D:8
    Orc (0/2) D:9

Altars:
Elyvilon
Fedhas
Gozag
Hepliaklqana
Kikubaaqudgha
Makhleb
Ru
Trog
Wu Jian
Xom
Yredelemnul
Zin
The Shining One

Shops:
D:4 (

Annotations:
D:2 1 runed translucent door, Crazy Yiuf
D:7 Duvessa


Innate Abilities, Weirdness & Mutations

You are completely covered in rugged brown scales. (AC +3, +7% HP)
You have supernaturally acute eyesight. (SInv)
Armour fits poorly on your strangely shaped body.
You can roll at nearby foes to attack.
You have a long armoured tail.
You curl defensively after being hit.


Message History

You slash the yak! You burn the yak. You hit the yak. You burn the yak.
The yak gores you but does no damage. You block the yak's attack.
The yak gores you!
You completely miss the yak.
The yak is almost dead.
You slash the yak! You burn the yak. You slash the yak! You burn the yak.
You block the yak's attack. The yak gores you but does no damage.
The yak gores you. The yak gores you!
You are too injured to fight recklessly!
You closely miss the yak.
The yak is severely wounded.
You slash the yak! You burn the yak.
You kill the yak!
Lugonu accepts your kill.
You hit the yak. You burn the yak.
The yak gores you but does no damage. x2
You slash the yak! You burn the yak.
You kill the yak!
Lugonu accepts your kill.
You hit the manticore but do no damage. You slash the yak! You burn the yak.
You kill the yak!
Lugonu accepts your kill.
You can now corrupt the fabric of space.
The centaur shoots an arrow.
You block the arrow. The manticore bites you. The manticore barely misses you.
You block the manticore's attack.
The centaur shoots an arrow.
The arrow hits you but does no damage. The manticore bites you!
The manticore barely misses you.
The manticore claws you but does no damage.
Training target 10.0 for Invocations reached!
Your Invocations skill increases to level 10!
You hit the manticore. You burn the manticore.
The manticore is lightly wounded.
The centaur unwields a +0 shortbow.
The centaur hits you but does no damage.
The centaur barely misses you. The manticore bites you!
* * * LOW HITPOINT WARNING * * *
You block the manticore's attack. The manticore claws you!
* * * LOW HITPOINT WARNING * * *
You feel better. The centaur barely misses you. You block the centaur's attack.
The manticore bites you!
You die...

# ###.# #@c.#
......H.†#.....
..#........ ...
#............ .
...............
...............
####...........
#.....:.....


You could see a manticore and a centaur.

Vanquished Creatures
  2 centaur warriors (D:9)
  Pikel (D:7)
  Joseph (D:8)
  A gargoyle (D:12)
  An unseen horror (D:12)
  A komodo dragon (D:12)
  A hornet (D:9)
  3 trolls
  13 slime creatures (D:12)
  12 yaks
  A wyvern (D:8)
  4 water moccasins
  An acid dragon (D:8)
  2 black bears (D:8)
  2 orc warriors (D:9)
  A hornet zombie (D:8)
  An ogre (D:7)
  4 centaurs
  A lemure (D:7)
  A phantom (D:4)
  A kobold brigand (D:9)
  5 bullfrogs
  3 wyvern zombies
  7 wights
  7 electric eels
  A jelly (D:6)
  3 centaur zombies
  2 hounds (D:4)
  2 orc priests
  A gnoll shaman (D:8)
  A bullfrog skeleton (D:5)
  An iguana (D:6)
  Natasha (thrice) (D:2)
  Terence (D:2)
  2 orc wizards (D:8)
  A scorpion zombie (D:5)
  A killer bee zombie (D:6)
  A hound skeleton (D:4)
  5 gnolls (D:8)
  A howler monkey zombie (D:9)
  7 adders
  A shadow imp (D:5)
  7 dart slugs
  An orc (D:7)
  2 bats
  6 endoplasms
  4 giant cockroaches
  7 goblins
  4 hobgoblins
  8 kobolds
  4 quokkas
  4 ball pythons
  2 frilled lizards
  7 rats
167 creatures vanquished.

Vanquished Creatures (others)
  33 fungi (D:8)
  32 plants
  2 withered plants (D:4)
67 creatures vanquished.

Grand Total: 234 creatures vanquished

Notes
Turn   | Place    | Note
-------+----------+-------------------------------------------
     0 | Abyss:1  | Zenkrye the Palentonga Abyssal Knight began the quest for
                  | the Orb.
     0 | Abyss:1  | Reached XP level 1. HP: 19/19 MP: 2/2
     3 | D:1      | Escaped the Abyss
   349 | D:1      | Reached XP level 2. HP: 25/25 MP: 3/3
   367 | D:1      | Found a faded altar of an unknown god.
  1021 | D:2      | Reached ** piety under Lugonu
  1061 | D:2      | Noticed Terence
  1068 | D:2      | Killed Terence
  1069 | D:2      | Reached skill level 3 in Axes
  1069 | D:2      | Reached skill level 1 in Shields
  1069 | D:2      | Reached XP level 3. HP: 26/31 MP: 3/5
  1237 | D:2      | Found a shimmering altar of Xom.
  1292 | D:2      | Noticed Natasha
  1296 | D:2      | Killed Natasha
  1297 | D:2      | Reached XP level 4. HP: 37/37 MP: 6/6
  1316 | D:2      | Noticed Natasha
  1322 | D:2      | Killed Natasha
  1399 | D:2      | Found a runed translucent door.
  1400 | D:2      | Noticed Crazy Yiuf
  1535 | D:2      | Noticed Natasha
  1542 | D:2      | Killed Natasha
  1857 | D:2      | Reached XP level 5. HP: 43/43 MP: 7/7
  1938 | D:2      | Reached skill level 4 in Axes
  3375 | D:4      | Found an ancient bone altar of Kikubaaqudgha.
  3480 | D:4      | Found a glowing golden altar of the Shining One.
  3523 | D:4      | Noticed a phantom
  3560 | D:5      | Entered Level 5 of the Dungeon
  3714 | D:5      | Found a hazy altar of Hepliaklqana.
  3812 | D:4      | Found a sacrificial altar of Ru.
  3813 | D:4      | Found a bloodstained altar of Trog.
  3937 | D:4      | Reached XP level 6. HP: 44/50 MP: 8/8
  3980 | D:4      | Found Zafad's Antique Weapon Shoppe.
  4160 | D:4      | Found a burning altar of Makhleb.
  4442 | D:4      | Found a glowing silver altar of Zin.
  5009 | D:5      | Found a staircase to the Ecumenical Temple.
  5619 | D:5      | Reached skill level 5 in Axes
  6342 | D:4      | Gained mutation: You curl defensively after being hit.
                  | [Palentonga growth]
  6342 | D:4      | Reached XP level 7. HP: 45/55 MP: 10/10
  6361 | D:4      | Identified the +1 leather armour of Midsummer {Int+4}
  6876 | D:7      | Reached skill level 6 in Axes
  6912 | D:6      | Reached *** piety under Lugonu
  6913 | D:6      | Reached skill level 5 in Invocations
  7209 | D:6      | Found a white marble altar of Elyvilon.
  7286 | D:6      | Reached XP level 8. HP: 58/62 MP: 11/11
  7554 | D:6      | Reached skill level 7 in Axes
  7825 | D:6      | Found a basalt altar of Yredelemnul.
  8236 | D:4      | Bought an iridescent broad axe for 288 gold pieces
  8236 | D:4      | Identified the +10 broad axe of Fawann {flame, Drain rPois
                  | rF++ Int+3} (You bought it in a shop on level 4 of the
                  | Dungeon)
  9191 | D:7      | Found a blossoming altar of Fedhas.
  9230 | D:7      | Noticed Pikel
  9238 | D:7      | Killed Pikel
  9239 | D:7      | Reached skill level 8 in Axes
  9239 | D:7      | Reached XP level 9. HP: 48/67 MP: 13/13
  9500 | D:7      | Noticed Duvessa
  9795 | D:8      | Noticed a two-headed ogre
  9800 | D:8      | Banished a two-headed ogre
  9801 | D:8      | Reached skill level 9 in Axes
  9807 | D:8      | Reached skill level 5 in Armour
 10106 | D:8      | Found a staircase to the Lair.
 10145 | D:8      | Reached skill level 10 in Axes
 10304 | D:8      | Reached XP level 10. HP: 60/74 MP: 15/15
 10428 | D:8      | Noticed Joseph
 10534 | D:8      | Killed Joseph
 10936 | D:9      | Noticed a two-headed ogre
 10948 | D:9      | Banished a two-headed ogre
 10952 | D:9      | Reached skill level 11 in Axes
 11206 | D:9      | Reached skill level 5 in Shields
 11257 | D:9      | Noticed a centaur warrior
 11261 | D:9      | Noticed a centaur warrior
 11265 | D:9      | Killed a centaur warrior
 11266 | D:9      | Reached skill level 5 in Fighting
 11268 | D:9      | Killed a centaur warrior
 11269 | D:9      | Reached XP level 11. HP: 46/85 MP: 17/17
 11511 | D:9      | Found an opulent altar of Gozag.
 11554 | D:9      | Found a staircase to the Orcish Mines.
 11789 | D:9      | Found an ornate altar of the Wu Jian Council.
 11952 | D:10     | Entered Level 10 of the Dungeon
 12026 | D:10     | You fall into a shaft and drop 2 floors!
 12093 | D:12     | Reached skill level 12 in Axes
 12096 | D:12     | Reached **** piety under Lugonu
 12573 | D:12     | Noticed a boulder beetle
 12574 | D:12     | Banished a boulder beetle
 12860 | D:11     | Reached skill level 10 in Invocations
 12861 | D:11     | Slain by a manticore

Illustrated notes

Levels and vault maps discovered:
D:1:      dpeg_arrival_chambers_temple_mockup, layout_basic,
          hellmonk_ecumenical_altar_arch_garden
D:2:      layout_basic, basic_altar, uniq_natasha, uniq_crazy_yiuf_cottage,
          uniq_terence
D:3:      layout_basic, grunt_ministairs_4
D:4:      layout_loops_corners, kennysheep_little_box, lemuel_round_altar,
          mainiacjoe_overflow_brackets,
          chequers_temple_overflow_statue_of_worship, kiku_gazebo_garden_becter,
          serial_shops, shop_fountains, chequers_serial_rivers_room_b
D:5:      layout_loops_ring, mainiacjoe_overflow_catwalk,
          minmay_temple_entry_mini_moons, chequers_avenue, serial_bayou_lagoon_a
D:6:      layout_basic, kennysheep_ying_yang, kb_lookout_dungeons_type,
          kennysheep_boxes
D:7:      cheibrodos_quashed, layout_cave_pools, marbit_many_paths,
          lemuel_coloured_pillars_altar, serial_park, serial_park_tiny_pond,
          serial_park_fountain, serial_park_square1
          [serial_park_minivault_5x5_5], uniq_duvessa, uniq_pikel
D:8:      layout_rooms, due_lair_maze_entry_diamond, minmay_manual_mail,
          uniq_joseph
D:9:      layout_cave_pools, mainiacjoe_overflow_alcove_4, orc_0_dummy,
          minmay_ruined_shrine
D:10:     layout_basic, okawaru_ov_weapons_minmay
D:11:     cheibrodos_frozen_isle, layout_rooms
D:12:     layout_irregular_city, maelrawn_ghost_gauntlet_escape, uniq_snorg

Skill      XL: |  1  2  3  4  5  6  7  8  9 10 11 |
---------------+----------------------------------+-----
Axes           | 3 4 5 6 8 10 11 12 | 12.7
Shields        | 1 2 4 5 6 |  6.3
Invocations    | 3 4 5 6 7 9 10 | 10.0
Armour         | 2 3 4 5 |  5.1
Fighting       | 5 6 |  6.5
Dodging        | |  0.7

Action                   |  1- 3 |  4- 6 |  7- 9 | 10-12 || total
-------------------------+-------+-------+-------+-------++-------
Melee: Hand axe          |    61 |   217 |    37 |       ||   315
       Tailslap          |     6 |    17 |    10 |    20 ||    53
       Broad axe         |       |       |    75 |   130 ||   205
Throw: Dart              |    11 |    61 |    24 |    38 ||   134
       Javelin           |       |     2 |     4 |       ||     6
Invok: Bend Space        |       |     2 |     8 |       ||    10
       Banish            |       |       |     2 |     2 ||     4
 Abil: Rolling Charge    |     4 |    18 |     9 |     9 ||    40
Evoke: Wand              |       |     2 |    18 |       ||    20
  Use: Scroll            |     4 |     2 |     2 |     8 ||    16
       Potion            |       |       |     3 |     6 ||     9
 Stab: Invisible         |       |       |       |     3 ||     3
Armor: Leather armour    |    23 |       |       |       ||    23
       Scale mail        |     1 |    94 |    76 |    41 ||   212
       Skin              |       |       |    16 |       ||    16
       Chain mail        |       |       |       |    49 ||    49
Dodge: Dodged            |    30 |    80 |    54 |    33 ||   197
Block: Kite shield       |       |       |       |    40 ||    40

Table legend: (Time is in decaauts)
 A = Elapsed time spent in this place.
 B = Non-inter-level travel time spent in this place.
 C = Inter-level travel time spent in this place.
 D = Time resting spent in this place.
 E = Time spent auto-exploring this place.
 F = Levels seen in this place.
 G = Mean time per level.
                   A        B        C        D        E       F      G
               +--------+--------+--------+--------+--------+-----+--------+
         Total |  12928 |  12253 |    675 |   2141 |   8343 |  13 |  994.5 |
       Dungeon |  12925 |  12250 |    675 |   2141 |   8343 |  12 | 1077.1 |
         Abyss |      3 |      3 |      0 |      0 |      0 |   1 |    3.0 |
               +--------+--------+--------+--------+--------+-----+--------+

Top non-repeatable levels by time:
     D:6: 2232 daAuts
     D:5: 1738 daAuts
     D:4: 1634 daAuts
     D:3: 1203 daAuts
     D:7: 1143 daAuts
     D:2: 1096 daAuts
     D:9: 1021 daAuts
     D:8: 982 daAuts
     D:1: 954 daAuts
    D:12: 828 daAuts
    D:10: 73 daAuts
    D:11: 13 daAuts
 Abyss:1: 3 daAuts
